[Event "Titled Tuesday Blitz February 28 Early 2023"]
[White "Shuvalov, Evgenij"]
[Black "Gutierrez Espinosa, Karen"]
[WhiteFideId "4187237"]
[BlackFideId "3513238"]
[WhiteElo "2080"]
[BlackElo "2017"]
[Result "1-0"]
[Round "02"]
[TimeControl "180+2"]
[Date "2023.02.28"]
[WhiteClock "0:00:29"]
[BlackClock "0:00:03"]

1. d4 d5 2. c4 c6 3. Nf3 Nf6 4. Nc3 e6 5. Bg5 Nbd7 6. e3 h6 7. Bh4 Be7 8. Bd3 dxc4 9. Bxc4 b5 10. Bd3 Bb7 11. Rc1 O-O 12. O-O a6 13. Bxf6 Bxf6 14. Ne4 Be7 15. Bb1 Rc8 16. Qc2 g6 17. Rfd1 f5 18. Nc5 Nxc5 19. dxc5 Qc7 20. Qb3 Rf6 21. Nd4 Kf7 22. a4 Qe5 23. f4 Qd5 24. Qa3 Rd8 25. b4 Qd7 26. Qb3 Qc7 27. Ba2 Bc8 28. Nf3 Kg7 29. Ne5 Rff8 30. Rd4 Bf6 31. Nf3 Bxd4 32. Nxd4 Rd5 33. Qb2 Kh7 34. Bxd5 exd5 35. Nf3 g5 36. Ne5 gxf4 37. exf4 Be6 38. axb5 axb5 39. Ra1 Rg8 40. Ra6 Qg7 41. Rxc6 1-0


[Site "https://www.chess.com"]

[Event "Titled Tuesday Blitz February 28 Early 2023"]
[White "Kovalevsky, Stanislav"]
[Black "Kriti Mayur Patel"]
[WhiteFideId "13508598"]
[BlackFideId "35061780"]
[WhiteElo "2220"]
[BlackElo "1306"]
[Result "1-0"]
[Round "02"]
[TimeControl "180+2"]
[Date "2023.02.28"]
[WhiteClock "0:00:50"]
[BlackClock "0:00:50"]

1. c4 e6 2. e4 Nf6 3. Nc3 d5 4. e5 Ne4 5. Qc2 Nxc3 6. dxc3 Bc5 7. Nf3 b6 8. Bd3 Bb7 9. Bg5 Qd7 10. Bxh7 g6 11. Bxg6 fxg6 12. Qxg6+ Qf7 13. Qxf7+ Kxf7 14. Bf6 Rg8 15. Ng5+ Kf8 16. Nxe6+ Kf7 17. Nxc7 Rxg2 18. O-O-O dxc4 19. Nxa8 Rxf2 20. Rhf1 Be3+ 21. Kb1 Be4+ 22. Ka1 Bd3 23. Rxf2 Bxf2 24. Nc7 Nd7 25. e6+ Kxf6 26. exd7 Ke7 27. Ne6 Kxd7 28. Nf4 Kc6 29. Nxd3 cxd3 30. Rxd3 Bh4 31. h3 Kc5 32. b3 Bf6 33. Kb2 b5 34. Kc2 a5 35. Rf3 Bg5 36. Rf5+ Kb6 37. Rxg5 a4 38. c4 axb3+ 39. axb3 Ka5 40. Rxb5+ Ka6 41. h4 Ka7 42. h5 Ka6 43. h6 Ka7 44. h7 Ka6 45. h8=Q Ka7 46. Qg7+ Ka6 47. Qb7# 1-0


[Site "https://www.chess.com"]

[Event "Titled Tuesday Blitz February 28 Early 2023"]
[White "Necula, Iulian"]
[Black "Fan_Of_Chucky"]
[WhiteFideId "1232380"]
[WhiteElo "1790"]
[BlackElo "2422"]
[Result "1-0"]
[Round "02"]
[TimeControl "180+2"]
[Date "2023.02.28"]
[WhiteClock "0:01:57"]
[BlackClock "0:00:12"]

1. d4 Nf6 2. Nc3 g6 3. Bf4 d6 4. e4 Bg7 5. Qd2 c6 6. Bh6 Bxh6 7. Qxh6 b5 8. a3 Qa5 9. O-O-O b4 10. axb4 Qxb4 11. Nf3 Ba6 12. Bxa6 Nxa6 13. e5 Nd5 14. Qg7 Rf8 15. Ng5 Nxc3 16. bxc3 Qxc3 17. Rd3 Qa1+ 18. Kd2 Qxh1 19. exd6 O-O-O 20. dxe7 Rfe8 21. exd8=Q+ Rxd8 22. Qxf7 Qxg2 23. Ne6 Rd7 24. Qe8+ Kb7 25. Rb3+ 1-0


[Site "https://www.chess.com"]

[Event "Titled Tuesday Blitz February 28 Early 2023"]
[White "Zia, Tahsin Tajwar"]
[Black "Kalaiyalahan, Akshaya"]
[WhiteFideId "10211888"]
[BlackFideId "422894"]
[WhiteElo "2061"]
[BlackElo "2043"]
[Result "1-0"]
[Round "02"]
[TimeControl "180+2"]
[Date "2023.02.28"]
[WhiteClock "0:00:20"]
[BlackClock "0:00:02"]

1. d4 Nf6 2. c4 e6 3. Nc3 d5 4. Nf3 c5 5. cxd5 Nxd5 6. e4 Nxc3 7. bxc3 cxd4 8. cxd4 Bb4+ 9. Bd2 Bxd2+ 10. Qxd2 O-O 11. Bc4 Nd7 12. O-O b6 13. Rfe1 Bb7 14. Rad1 Nf6 15. Qf4 Rc8 16. Bd3 h6 17. h4 Qc7 18. e5 Nd5 19. Qe4 Nf6 20. Qf4 Nd5 21. Qg4 Rfd8 22. h5 Nb4 23. Be4 Bxe4 24. Rxe4 Qc2 25. Ne1 Qxa2 26. Re3 Rd7 27. Rg3 f5 28. exf6 Nc2 29. d5 Nxe1 30. Qxe6+ Kh8 31. fxg7+ Kh7 32. g8=Q+ 1-0


[Site "https://www.chess.com"]

[Event "Titled Tuesday Blitz February 28 Early 2023"]
[White "Jesusesmifuerza"]
[Black "Devaev, Alexander"]
[BlackFideId "4169395"]
[WhiteElo "1997"]
[BlackElo "2225"]
[Result "0-1"]
[Round "02"]
[TimeControl "180+2"]
[Date "2023.02.28"]
[WhiteClock "0:00:01"]
[BlackClock "0:00:06"]

1. d4 Nf6 2. Bg5 Ne4 3. Bf4 c5 4. f3 Nf6 5. d5 d6 6. e4 g6 7. Qd2 h6 8. Nc3 Bg7 9. a4 a6 10. Bc4 Nbd7 11. a5 Rb8 12. Nge2 b5 13. axb6 Rxb6 14. Ra2 Nh5 15. b3 Nxf4 16. Qxf4 Ne5 17. O-O O-O 18. Rfa1 Nxc4 19. bxc4 Rb4 20. Ra4 Qb6 21. Qd2 Bb7 22. R1a2 Ra8 23. g3 Bc8 24. Kg2 Bd7 25. R4a3 Rxc4 26. Qd3 Rb4 27. Rxa6 Rxa6 28. Qxa6 Qxa6 29. Rxa6 Rb7 30. Ra8+ Kh7 31. Kf2 f5 32. Ke3 g5 33. f4 e6 34. dxe6 Bxe6 35. exf5 Bxf5 36. Rd8 Bxc2 37. Rxd6 Re7+ 38. Kf2 g4 39. Rd2 Bb3 40. Rb2 c4 41. Rd2 Ra7 42. Rd5 Re7 43. Rc5 Ra7 44. Rd5 Bf8 45. Re5 Bb4 0-1


[Site "https://www.chess.com"]

[Event "Titled Tuesday Blitz February 28 Early 2023"]
[White "Vargas, Mauricio"]
[Black "Pein, Jonathan"]
[WhiteFideId "4404572"]
[BlackFideId "417092"]
[WhiteElo "2025"]
[BlackElo "2151"]
[Result "0-1"]
[Round "02"]
[TimeControl "180+2"]
[Date "2023.02.28"]
[WhiteClock "0:00:04"]
[BlackClock "0:00:29"]

1. e4 c6 2. d4 d5 3. e5 Bf5 4. g4 Bd7 5. f4 h5 6. g5 Bf5 7. Bh3 Qd7 8. Qf3 Na6 9. a3 O-O-O 10. Nc3 Bxh3 11. Nxh3 c5 12. Be3 e6 13. dxc5 Bxc5 14. Bxc5 Nxc5 15. b4 Ne4 16. O-O Nd2 17. Qf2 Nxf1 18. Rxf1 Kb8 19. a4 Ne7 20. Nb5 Nc8 21. Rd1 a6 22. Nd4 Qxa4 23. Qd2 Nb6 24. c3 Nc4 25. Qe1 Qa3 26. Rb1 Rc8 27. b5 a5 28. Nf2 Qa2 29. Ra1 Qd2 30. Qb1 Qxf4 31. b6 Qxg5+ 32. Kh1 Ne3 33. Qf1 Rxc3 34. Qg1 Qxg1+ 35. Rxg1 g6 36. Ra1 Rhc8 37. Nh3 Rc1+ 38. Rxc1 Rxc1+ 39. Ng1 h4 40. h3 a4 41. Ne2 Rc2 42. Kh2 a3 43. Kh1 a2 44. Nd4 Rf2 45. Nb3 Nf1 0-1


[Site "https://www.chess.com"]

[Event "Titled Tuesday Blitz February 28 Early 2023"]
[White "Bennett, Patrick"]
[Black "Castillo Pena, Patricia Evarista"]
[WhiteFideId "1801228"]
[BlackFideId "6412106"]
[WhiteElo "2416"]
[BlackElo "1919"]
[Result "0-1"]
[Round "02"]
[TimeControl "180+2"]
[Date "2023.02.28"]
[WhiteClock "0:00:01"]
[BlackClock "0:00:10"]

1. d4 d5 2. c4 c6 3. Nc3 Nf6 4. f3 e6 5. e4 dxe4 6. fxe4 c5 7. d5 exd5 8. cxd5 Bd6 9. Nf3 Nbd7 10. Be2 O-O 11. O-O Re8 12. Qc2 Ne5 13. Bg5 h6 14. Bh4 a6 15. Rac1 b5 16. a3 Bd7 17. Nd2 Be7 18. d6 Bxd6 19. Bxf6 gxf6 20. Nd5 Be7 21. Rf4 Be6 22. Nxe7+ Qxe7 23. Rcf1 c4 24. Rxf6 Kg7 25. R6f4 Ng6 26. Qc3+ Kg8 27. Rf6 Rad8 28. Qg3 Kh7 29. Bh5 Rg8 30. Nb1 Qc5+ 31. Kh1 Qxh5 32. Nc3 Rd2 33. Nd5 Bxd5 34. exd5 Qxd5 35. Rxf7+ Rg7 36. R7f6 Rd1 37. Qf2 Rxf1+ 38. Qxf1 Nh4 39. Rf2 Qd3 40. Qe1 Qg6 41. g3 Nf5 42. Qf1 Nd4 43. Rf4 Qc6+ 0-1


[Site "https://www.chess.com"]

[Event "Titled Tuesday Blitz February 28 Early 2023"]
[White "Lohani, Sujana"]
[Black "Zhukova, Natalia"]
[WhiteFideId "12311987"]
[BlackFideId "14101513"]
[WhiteElo "1718"]
[BlackElo "2297"]
[Result "0-1"]
[Round "02"]
[TimeControl "180+2"]
[Date "2023.02.28"]
[WhiteClock "0:00:01"]
[BlackClock "0:01:38"]

1. d4 Nf6 2. Nf3 c5 3. c4 cxd4 4. Nxd4 e5 5. Nf3 Nc6 6. Nc3 Bc5 7. e3 O-O 8. Be2 d6 9. O-O Be6 10. Qc2 h6 11. a3 a5 12. Rd1 Rc8 13. Ne4 Nxe4 14. Qxe4 f5 15. Qd3 e4 16. Qd2 exf3 17. Bxf3 Ne5 18. Be2 Nxc4 19. Bxc4 Bxc4 20. Qc3 Be6 21. Bd2 a4 22. Qd3 Qg5 23. Bc3 f4 24. exf4 Rxf4 25. Bd4 Rxd4 0-1


[Site "https://www.chess.com"]

[Event "Titled Tuesday Blitz February 28 Early 2023"]
[White "Nakamura, Hikaru"]
[Black "Ohanyan, Emin"]
[WhiteFideId "2016192"]
[BlackFideId "13312022"]
[WhiteElo "2879"]
[BlackElo "2403"]
[Result "1-0"]
[Round "03"]
[TimeControl "180+2"]
[Date "2023.02.28"]
[WhiteClock "0:00:46"]
[BlackClock "0:00:01"]

1. e4 e5 2. Nc3 Nf6 3. Bc4 Nxe4 4. Qh5 Nd6 5. Bb3 Be7 6. Nf3 Nc6 7. Nxe5 g6 8. Qe2 O-O 9. O-O Re8 10. Nd5 Bf6 11. Nxf7 Rxe2 12. Nxd8 Bxd8 13. Nxc7+ Kf8 14. Nxa8 b6 15. d3 Bb7 16. Bh6+ Ke8 17. Rfe1 Rxe1+ 18. Rxe1+ Ne7 19. Bf4 Nc8 20. Nc7+ Bxc7 21. Bxc7 d6 22. Be6 Kf8 23. Bd8 1-0


[Site "https://www.chess.com"]

[Event "Titled Tuesday Blitz February 28 Early 2023"]
[White "Yeletsky, Ivan"]
[Black "Carlsen, Magnus"]
[WhiteFideId "24180327"]
[BlackFideId "1503014"]
[WhiteElo "2414"]
[BlackElo "2852"]
[Result "0-1"]
[Round "03"]
[TimeControl "180+2"]
[Date "2023.02.28"]
[WhiteClock "0:00:01"]
[BlackClock "0:01:05"]

1. e4 c5 2. Nf3 e6 3. d4 cxd4 4. Nxd4 Nc6 5. Nc3 Qc7 6. Be3 a6 7. Qf3 Nf6 8. O-O-O b5 9. e5 Bb7 10. Nxe6 fxe6 11. exf6 gxf6 12. Qxf6 Qe5 13. Ne4 Be7 14. Qxe5 Nxe5 15. Bd4 Bxe4 16. Bxe5 Rg8 17. f3 Bc6 18. Bg3 h5 19. Bf2 b4 20. Rg1 a5 21. Bd3 Bd6 22. h4 Bh2 23. Rh1 Rxg2 24. Bb6 Bxf3 25. Rdf1 Bc6 26. Rxh2 Rxh2 27. Bg6+ Ke7 28. Bc5+ Kd8 29. Bd6 Rh1 30. Rxh1 Bxh1 31. Bxh5 Be4 32. Kd2 Ra6 33. Bf4 Rc6 34. c3 bxc3+ 35. bxc3 Rc5 36. Be2 Bg6 37. Bg5+ Ke8 38. Bf3 Rf5 39. Ke3 a4 0-1


[Site "https://www.chess.com"]

[Event "Titled Tuesday Blitz February 28 Early 2023"]
[White "So, Wesley"]
[Black "Drygalov, Andrey"]
[WhiteFideId "5202213"]
[BlackFideId "24171735"]
[WhiteElo "2739"]
[BlackElo "2471"]
[Result "1-0"]
[Round "03"]
[TimeControl "180+2"]
[Date "2023.02.28"]
[WhiteClock "0:00:14"]
[BlackClock "0:00:01"]

1. d4 Nf6 2. Nf3 d5 3. c4 e6 4. g3 Bb4+ 5. Bd2 Be7 6. Bg2 O-O 7. Qc2 Nbd7 8. O-O c6 9. Bf4 b6 10. Rd1 Ba6 11. cxd5 cxd5 12. Ne5 Rc8 13. Nc6 Bb5 14. Nxe7+ Qxe7 15. Nc3 Bc6 16. Qd3 Qb4 17. a3 Qe7 18. Rac1 Nb8 19. e3 Qb7 20. Rc2 Bd7 21. Rdc1 h6 22. h3 b5 23. Be5 b4 24. axb4 Qxb4 25. Bxf6 gxf6 26. Qe2 f5 27. Qh5 Kg7 28. Qh4 Qb6 29. Qf4 Qd8 30. Qe5+ Qf6 31. Qd6 Rc6 32. Qa3 a6 33. Ne2 Rfc8 34. Nf4 Qd8 35. Nh5+ Kg6 36. Nf4+ Kg7 37. Rxc6 Rxc6 38. Rxc6 Bxc6 39. Nh5+ Kg6 40. g4 fxg4 41. hxg4 Bb5 42. e4 dxe4 43. Bxe4+ f5 44. Nf4+ Kf6 45. Qh3 Qxd4 46. Qxh6+ Ke7 47. Qxe6+ Kd8 48. Qg8+ Kd7 49. Bxf5+ Ke7 50. Qe6+ Kf8 51. Qc8+ Kf7 52. Qxb8 Qd1+ 53. Kh2 Kf6 54. Qf8+ Ke5 55. Ng6+ Kd4 56. Qd6+ 1-0


[Site "https://www.chess.com"]

[Event "Titled Tuesday Blitz February 28 Early 2023"]
[White "Ahmadzada, Ahmad"]
[Black "Andreikin, Dmitry"]
[WhiteFideId "13413007"]
[BlackFideId "4158814"]
[WhiteElo "2388"]
[BlackElo "2736"]
[Result "1-0"]
[Round "03"]
[TimeControl "180+2"]
[Date "2023.02.28"]
[WhiteClock "0:00:05"]
[BlackClock "0:00:05"]

1. Nf3 Nf6 2. g3 d5 3. c4 d4 4. Bg2 c5 5. O-O Nc6 6. e3 e5 7. exd4 exd4 8. Re1+ Be7 9. d3 O-O 10. Bf4 Re8 11. Ne5 Nxe5 12. Bxe5 Ng4 13. Bf4 Qb6 14. Nd2 Bd7 15. h3 Nf6 16. Qb3 Bc6 17. g4 Nd7 18. Re2 Bxg2 19. Qxb6 Nxb6 20. Kxg2 f6 21. Rae1 Kf7 22. Ne4 Nd7 23. Bd6 Bf8 24. Bxf8 Kxf8 25. f4 Re6 26. Kf3 Rae8 27. Nd6 Rxe2 28. Rxe2 Rxe2 29. Kxe2 b6 30. Nb5 a5 31. Kf3 f5 32. gxf5 Ke7 33. Ke4 Kf6 34. Nc7 h5 35. Ne8+ Kf7 36. Nd6+ Kf6 37. Kd5 Nb8 38. Ne8+ Kxf5 39. Nxg7+ Kxf4 40. Nxh5+ Ke3 41. Nf6 Kxd3 42. h4 Kc2 43. Kd6 Na6 44. h5 Nb4 45. h6 d3 46. Ne4 Nxa2 47. h7 Nc1 48. h8=Q Nb3 49. Qc3+ Kb1 50. Qxb3 1-0


[Site "https://www.chess.com"]

[Event "Titled Tuesday Blitz February 28 Early 2023"]
[White "Caruana, Fabiano"]
[Black "Postny, Evgeny"]
[WhiteFideId "2020009"]
[BlackFideId "2804344"]
[WhiteElo "2818"]
[BlackElo "2509"]
[Result "1-0"]
[Round "03"]
[TimeControl "180+2"]
[Date "2023.02.28"]
[WhiteClock "0:00:42"]
[BlackClock "0:00:03"]

1. e4 c6 2. d4 d5 3. exd5 cxd5 4. Bd3 Nc6 5. c3 Qc7 6. h3 g6 7. Nf3 Bf5 8. Be2 Bg7 9. O-O Nh6 10. Re1 O-O 11. Nbd2 Rfe8 12. Nf1 Be4 13. Ng3 Nf5 14. Nxe4 dxe4 15. Ng5 e3 16. fxe3 Rad8 17. Bg4 Ng3 18. Bf3 e5 19. Bxc6 bxc6 20. Nf3 exd4 21. exd4 c5 22. Bg5 Rb8 23. d5 h6 24. d6 Qd7 25. Bf4 Nf5 26. Qd2 g5 27. Bh2 Re6 28. Rxe6 Qxe6 29. d7 Rd8 30. Rd1 Qe3+ 31. Qxe3 Nxe3 32. Re1 Rxd7 33. Rxe3 Rd1+ 34. Re1 1-0


[Site "https://www.chess.com"]

[Event "Titled Tuesday Blitz February 28 Early 2023"]
[White "Harsh Suresh"]
[Black "Firouzja, Alireza"]
[WhiteFideId "45018464"]
[BlackFideId "12573981"]
[WhiteElo "2227"]
[BlackElo "2904"]
[Result "0-1"]
[Round "03"]
[TimeControl "180+2"]
[Date "2023.02.28"]
[WhiteClock "0:00:08"]
[BlackClock "0:01:33"]

1. e4 c5 2. Nc3 d6 3. f4 g6 4. Nf3 Bg7 5. Bc4 Nc6 6. O-O Nf6 7. d3 O-O 8. Qe1 a6 9. a4 Nb4 10. Bb3 Be6 11. Bxe6 Nxc2 12. Qd1 Nxa1 13. Ba2 b5 14. Bd2 b4 15. Qxa1 bxc3 16. bxc3 e6 17. Qe1 Rb8 18. Bc1 Qa5 19. Qd1 Qxc3 20. f5 exf5 21. exf5 d5 22. Bf4 Qb2 23. Rf2 Qb4 24. Bxb8 Rxb8 25. fxg6 hxg6 26. h3 Bh6 27. Kh2 Nh5 28. Bxd5 Bf4+ 29. Kh1 Ng3+ 30. Kg1 Be3 31. Ne5 Bxf2+ 32. Kxf2 Qd4+ 33. Kxg3 Qxe5+ 34. Kf2 Qxd5 35. Qe2 Qd4+ 36. Kg3 Rb2 37. Qe8+ Kg7 38. Kh2 Qf4+ 39. Kg1 Rb1+ 40. Qe1 Rxe1# 0-1


[Site "https://www.chess.com"]

[Event "Titled Tuesday Blitz February 28 Early 2023"]
[White "Paravyan, David"]
[Black "Amin, Bassem"]
[WhiteFideId "4194985"]
[BlackFideId "10601457"]
[WhiteElo "2577"]
[BlackElo "2690"]
[Result "1/2-1/2"]
[Round "03"]
[TimeControl "180+2"]
[Date "2023.02.28"]
[WhiteClock "0:00:14"]
[BlackClock "0:00:02"]

1. e4 e5 2. Nf3 Nc6 3. Bb5 a6 4. Ba4 Nf6 5. O-O Be7 6. d3 d6 7. c3 O-O 8. Re1 Re8 9. h3 Bf8 10. Bg5 h6 11. Bh4 b5 12. Bc2 g5 13. Bg3 Bg7 14. Nbd2 d5 15. a4 Bb7 16. Nb3 dxe4 17. dxe4 Qxd1 18. Rexd1 Bf8 19. axb5 axb5 20. Rxa8 Bxa8 21. Ra1 Bd6 22. Nfd2 Nh5 23. Bh2 Nf4 24. Kf1 Bb7 25. f3 Bc8 26. Bg1 Rd8 27. Be3 Be6 28. Ra6 Ne7 29. Na5 Bc5 30. Bxf4 gxf4 31. Ke2 Bb6 32. Bb3 Bc8 33. Ra8 Kg7 34. Ba2 Kf6 35. b4 Rg8 36. Kf1 Rd8 37. Ke2 Be3 38. Nf1 Bb6 39. Nd2 1/2-1/2


[Site "https://www.chess.com"]

[Event "Titled Tuesday Blitz February 28 Early 2023"]
[White "Maximov, Dmitry"]
[Black "Erigaisi Arjun"]
[WhiteFideId "14105659"]
[BlackFideId "35009192"]
[WhiteElo "2494"]
[BlackElo "2737"]
[Result "0-1"]
[Round "03"]
[TimeControl "180+2"]
[Date "2023.02.28"]
[WhiteClock "0:00:09"]
[BlackClock "0:01:36"]

1. e4 d6 2. d4 g6 3. Nc3 Bg7 4. Be3 c6 5. Qd2 b5 6. f3 Nd7 7. h4 h6 8. Nh3 Nb6 9. Nf2 b4 10. Ncd1 a5 11. Bd3 Nf6 12. c4 bxc3 13. Nxc3 Ba6 14. Bxa6 Rxa6 15. Qe2 Ra7 16. Rc1 Nh5 17. Rh3 e5 18. d5 c5 19. Nb5 Rb7 20. g4 Nf4 21. Bxf4 exf4 22. Nd3 O-O 23. Kf1 Re8 24. Nxf4 Qf6 25. Qd2 Na4 26. b3 Rxb5 27. bxa4 Rb2 28. Qe3 Rxa2 29. g5 hxg5 30. hxg5 Qxg5 31. Re1 Bd4 0-1


[Site "https://www.chess.com"]

[Event "Titled Tuesday Blitz February 28 Early 2023"]
[White "Duda, Jan-Krzysztof"]
[Black "Alexakis, Dimitris"]
[WhiteFideId "1170546"]
[BlackFideId "4277023"]
[WhiteElo "2790"]
[BlackElo "2493"]
[Result "1-0"]
[Round "03"]
[TimeControl "180+2"]
[Date "2023.02.28"]
[WhiteClock "0:00:09"]
[BlackClock "0:00:12"]

1. c3 e5 2. d4 d6 3. e4 Nf6 4. Bd3 d5 5. dxe5 dxe4 6. exf6 Qxd3 7. Qxd3 exd3 8. fxg7 Bxg7 9. Bf4 O-O 10. Na3 Re8+ 11. Kd2 Na6 12. h4 Nc5 13. Be3 Na4 14. Rb1 Be6 15. Nb5 Re7 16. b3 a6 17. Nd4 Nxc3 18. Rc1 Ne4+ 19. Kxd3 Bd5 20. h5 c5 21. Nf5 Nxf2+ 22. Ke2 Rxe3+ 23. Nxe3 Nxh1 24. Nxd5 Ng3+ 25. Kf3 Nxh5 26. Rxc5 Nf6 27. Ne7+ Kf8 28. Rc7 Rd8 29. Nf5 Ne8 30. Rxb7 Nd6 31. Nxd6 Rxd6 32. Nh3 h6 33. Nf4 Be5 34. a4 Rf6 35. g3 h5 36. Rb4 Bxf4 37. Rxf4 Ke7 38. Rxf6 Kxf6 39. Kf4 Ke6 40. b4 Kd5 41. Kg5 Kc4 42. b5 axb5 43. axb5 Kxb5 44. Kf6 Kc6 45. Kxf7 Kd5 46. Kg6 Ke5 47. Kxh5 Kf6 48. g4 Kg7 49. Kg5 Kf7 50. Kh6 Kg8 51. Kg6 Kh8 52. Kf7 Kh7 53. g5 Kh8 54. Kg6 Kg8 55. Kh6 Kh8 56. g6 Kg8 57. g7 Kf7 58. Kh7 1-0


[Site "https://www.chess.com"]

[Event "Titled Tuesday Blitz February 28 Early 2023"]
[White "Le, Tuan Minh"]
[Black "Kilic, Eray"]
[WhiteFideId "12401153"]
[BlackFideId "44517173"]
[WhiteElo "2558"]
[BlackElo "2328"]
[Result "1-0"]
[Round "03"]
[TimeControl "180+2"]
[Date "2023.02.28"]
[WhiteClock "0:00:07"]
[BlackClock "0:00:09"]

1. d4 Nf6 2. Nf3 g6 3. Bg5 Bg7 4. Nbd2 d5 5. c3 O-O 6. e3 b6 7. Bd3 c5 8. O-O Nc6 9. Qe2 Bb7 10. h3 Nd7 11. Rfd1 Qc7 12. Ba6 Bxa6 13. Qxa6 e5 14. dxe5 Ndxe5 15. Bf4 Qc8 16. Qxc8 Raxc8 17. Nxe5 Bxe5 18. Bxe5 Nxe5 19. Nf3 Nxf3+ 20. gxf3 Rfd8 21. Rd2 Rc7 22. Rad1 Rcd7 23. Kf1 Kg7 24. e4 d4 25. cxd4 cxd4 26. Ke2 Kf6 27. f4 g5 28. Kf3 h6 29. a3 Ke6 30. Rc1 Rd6 31. e5 Rd5 32. Rc6+ Ke7 33. Rxh6 gxf4 34. Kxf4 d3 35. Ke4 Rb5 36. h4 Rdd5 37. f4 Rdc5 38. Rxd3 Rxb2 39. Rhd6 Rf2 40. Kf5 Rc4 41. R6d4 Rxd4 42. Rxd4 b5 43. Rd5 Rb2 44. h5 a6 45. Rd6 a5 46. Ra6 a4 47. Ra7+ Kf8 48. Kf6 Kg8 49. Rxf7 Rf2 50. Ke6 Rf3 51. Rb7 Rxa3 52. Rxb5 Rf3 53. f5 a3 54. Ra5 Kh7 55. f6 Kh6 56. Ke7 Kxh5 57. e6+ Kg6 58. f7 Kg7 59. Rxa3 Rf6 60. Rg3+ Kh7 61. Kxf6 1-0


[Site "https://www.chess.com"]

[Event "Titled Tuesday Blitz February 28 Early 2023"]
[White "Boyer, Mahel"]
[Black "Bluebaum, Matthias"]
[WhiteFideId "45102422"]
[BlackFideId "24651516"]
[WhiteElo "2434"]
[BlackElo "2638"]
[Result "0-1"]
[Round "03"]
[TimeControl "180+2"]
[Date "2023.02.28"]
[WhiteClock "0:00:02"]
[BlackClock "0:01:46"]

1. e4 e6 2. c4 d5 3. cxd5 exd5 4. exd5 Nf6 5. Nf3 Nxd5 6. Bc4 c6 7. O-O Be7 8. Nc3 Nb6 9. Bb3 O-O 10. d4 Bg4 11. Re1 Na6 12. h3 Bh5 13. g4 Bg6 14. Ne5 Kh8 15. f4 Bh4 16. Rf1 f6 17. Nxg6+ hxg6 18. Ne4 Re8 19. Nc5 Nxc5 20. dxc5 Nd5 21. Qd3 Nxf4 22. Qf3 Qd4+ 23. Kh1 Nd3 24. Bd2 Nf2+ 25. Rxf2 Qxf2 26. Qxf2 Bxf2 27. Bb4 a5 28. Ba3 Rad8 29. Bf7 Re3 30. Bxg6 Rd2 0-1


[Site "https://www.chess.com"]

[Event "Titled Tuesday Blitz February 28 Early 2023"]
[White "Dubov, Daniil"]
[Black "Christiansen, Johan-Sebastian"]
[WhiteFideId "24126055"]
[BlackFideId "1512668"]
[WhiteElo "2802"]
[BlackElo "2517"]
[Result "1-0"]
[Round "03"]
[TimeControl "180+2"]
[Date "2023.02.28"]
[WhiteClock "0:00:13"]
[BlackClock "0:00:01"]

1. d4 Nf6 2. Nf3 c5 3. e3 g6 4. b3 Bg7 5. Bb2 cxd4 6. exd4 O-O 7. Be2 d5 8. O-O Nc6 9. Nbd2 Bf5 10. a3 Rc8 11. Rc1 Ne4 12. Re1 Qb6 13. Nf1 e5 14. Ne3 exd4 15. Nxd5 Qa5 16. Bc4 Nc3 17. Bxc3 dxc3 18. b4 Qd8 19. b5 Ne5 20. Nxe5 Bxe5 21. Rxe5 Rxc4 22. Qe2 Qg5 23. Rd1 Rg4 24. f3 Rh4 25. g4 h5 26. Ne7+ Kg7 27. Nxf5+ gxf5 28. Rxf5 Qg6 29. Rdd5 f6 30. Rd7+ Rf7 31. Rxf7+ Qxf7 32. Qf2 Rh3 33. Qg2 hxg4 34. Rf4 f5 35. fxg4 Re3 36. gxf5+ Kf8 37. Re4 Rxe4 38. Qxe4 Qg7+ 39. Kf1 Qg5 40. Qd3 Qf4+ 41. Kg2 1-0


[Site "https://www.chess.com"]

[Event "Titled Tuesday Blitz February 28 Early 2023"]
[White "Cabarkapa, Novak"]
[Black "Deac, Bogdan-Daniel"]
[WhiteFideId "943746"]
[BlackFideId "1226380"]
[WhiteElo "2395"]
[BlackElo "2649"]
[Result "0-1"]
[Round "03"]
[TimeControl "180+2"]
[Date "2023.02.28"]
[WhiteClock "0:00:04"]
[BlackClock "0:00:09"]

1. d4 Nf6 2. Nc3 d5 3. Bf4 a6 4. e3 e6 5. g4 Bd6 6. Qf3 b5 7. g5 Nfd7 8. O-O-O Bb7 9. Qg3 Bxf4 10. Qxf4 c5 11. Nf3 Nc6 12. h4 Qb8 13. Qg4 cxd4 14. exd4 Qd6 15. h5 O-O-O 16. Kb1 Kb8 17. h6 g6 18. Ne2 Ka8 19. Qf4 Qe7 20. Nc1 Rhf8 21. Nd3 f6 22. gxf6 Rxf6 23. Qg3 Rdf8 24. Bg2 Nb6 25. Nde5 Nxe5 26. dxe5 Rf4 27. Nd4 Nc4 28. Rhf1 Qb4 29. Nb3 a5 30. a3 Qe7 31. Nd4 b4 32. a4 Qd7 33. Nb5 Bc6 34. b3 Bxb5 35. axb5 Na3+ 36. Kb2 Qxb5 37. Qd3 Qxd3 38. Rxd3 Rxf2 39. Rxf2 Rxf2 40. Bxd5+ exd5 41. Rxd5 Rxc2+ 42. Ka1 Re2 43. Rd7 Rxe5 44. Rxh7 Rh5 45. Ka2 Rh2+ 46. Ka1 g5 47. Rh8+ Kb7 48. h7 Rh1+ 49. Ka2 Rh2+ 50. Ka1 g4 51. Rg8 Rh1+ 52. Ka2 Rxh7 53. Rxg4 Rh2+ 54. Ka1 Rh6 55. Rg7+ Kb6 56. Rg2 Nb5 57. Rf2 Nd4 58. Rb2 Rh3 59. Ka2 Rxb3 60. Rd2 Ra3+ 61. Kb2 Kc5 62. Rh2 Kc4 63. Rh8 Rb3+ 64. Ka2 Rf3 65. Rc8+ Kb5 66. Ka1 Rf1+ 67. Ka2 Rf2+ 68. Ka1 Ka4 69. Rh8 Ka3 70. Rh1 Nb3+ 0-1


[Site "https://www.chess.com"]

[Event "Titled Tuesday Blitz February 28 Early 2023"]
[White "Shimanov, Aleksandr"]
[Black "Talibov, Shiroghlan"]
[WhiteFideId "4198603"]
[BlackFideId "13429078"]
[WhiteElo "2631"]
[BlackElo "2218"]
[Result "1/2-1/2"]
[Round "03"]
[TimeControl "180+2"]
[Date "2023.02.28"]
[WhiteClock "0:00:10"]
[BlackClock "0:00:05"]

1. e4 e5 2. Nf3 Nc6 3. Nc3 g6 4. d4 exd4 5. Nxd4 Bg7 6. Nxc6 bxc6 7. Bd3 Ne7 8. O-O O-O 9. Re1 d6 10. Qd2 c5 11. b3 Nc6 12. Bb2 Be6 13. Nd1 Ne5 14. f4 Nxd3 15. cxd3 f5 16. Bxg7 Kxg7 17. e5 Qd7 18. Qc3 Kg8 19. Ne3 Rae8 20. exd6 cxd6 21. d4 cxd4 22. Qxd4 Bf7 23. Nf1 Re7 24. Rad1 Rxe1 25. Rxe1 Re8 26. Rxe8+ Bxe8 27. Kf2 Bf7 28. Ne3 Qc7 29. Kg3 Qe7 30. h3 h6 31. Kh2 Kh7 32. Nd1 Qc7 33. Nc3 a6 34. b4 Qc4 35. Qxc4 Bxc4 36. a3 Kg7 37. Kg1 g5 38. g3 d5 39. Kf2 d4 40. Na4 Kf6 41. Nc5 gxf4 42. gxf4 Ke7 43. Ke1 Kd6 44. Kd2 Kc6 45. h4 Kd5 46. Kc2 a5 47. Kd2 axb4 48. axb4 Bb5 49. Kc2 Kc4 50. Ne6 Bc6 51. Kd2 Bd5 52. Ng7 Be4 53. Ne8 Kxb4 54. Nf6 Kc4 55. Ng8 Bd5 56. Ne7 Be6 57. Ng6 Kc5 58. Kd3 Bc4+ 59. Kd2 Kd5 60. Ne5 Bb5 61. Nf7 Ke4 62. Nxh6 Kxf4 63. Nf7 Bc4 64. Nd6 Bg8 65. Kd3 Ke5 66. Nb5 f4 67. Nxd4 Bh7+ 68. Kc3 Ke4 69. h5 Ke3 70. h6 f3 71. Nxf3 Kxf3 72. Kd4 Kg4 73. Ke5 Kh5 74. Kf6 Kxh6 1/2-1/2


[Site "https://www.chess.com"]